 Dungeon Crawl Stone Soup version 0.31-a0-142-g31f6795574 (webtiles) character file.

Game seed: 2831592846748081034

2257519 PaperRat the Chief of Staff (level 27, 180/180 (184) HPs)
             Began as a Tengu Hedge Wizard on June 2, 2023.
             Was the Champion of Vehumet.
             Escaped with the Orb
             ... and 4 runes on June 3, 2023!
             The game lasted 07:01:04 (75378 turns).

PaperRat the Chief of Staff (Tengu Hedge Wizard)   Turns: 75378, Time: 07:01:04

HP:   180/180 (184) AC: 26    Str: 18    XL:     27
MP:   42/44         EV: 25    Int: 29    God:    Vehumet [******]
Gold: 5373          SH: 10    Dex: 19    Spells: 0/58 levels left

rFire   + + .        f - staff of fire "Wuwkirgha" {rF+ rC+ Will++ Str+3 Dex+2}
rCold   + + +        Y - +3 buckler {AC+3}
rNeg    + . .        g - +5 ring mail "Liqumnus" {Regen+ rCorr SInv Stlth-}
rPois   +            L - +2 hat
rElec   +            I - +2 cloak {rPois}
rCorr   +            Q - +2 pair of gloves
SInv    +            (boots unavailable)
Will    +++++        s - amulet of magic regeneration
Stlth   +            i - ring "Punawk" {*Slow rF+ rC+ rN+ Will+, =R}
HPRegen 1.30/turn    u - ring of Yesterday {rElec rC+ Dex+4}
MPRegen 0.69/turn

%: slow self (1%)
@: flying quickly and evasively, very slightly contaminated, studying 3 skills,
lightly drained, quick
A: beak, talons 3, nimble flight, iridescent scales 1, clever 1, strong 1
0: Orb of Zot
}: 4/15 runes: serpentine, barnacled, slimy, silver
a: Renounce Religion


You escaped.
You worshipped Vehumet.
Vehumet was exalted by your worship.
You visited 12 branches of the dungeon, and saw 56 of its levels.
You visited 1 bazaar.
You also visited: Bailey and Ice Cave.

You collected 11913 gold pieces.
You spent 6540 gold pieces at shops.

Inventory:

Missiles
 F - 17 curare-tipped darts (quivered)
 S - 7 throwing nets {!f}
Armour
 g - the +5 ring mail "Liqumnus" (worn) {Regen+ rCorr SInv Stlth-}
   (You bought it in a shop on level 1 of the Orcish Mines)

   SInv:      It lets you see invisible.
   Regen:     It increases your rate of health regeneration.
   rCorr:     It protects you from acid and corrosion.
   Stlth:     It makes you less stealthy.
 I - a +2 cloak of poison resistance (worn)
 L - a +2 hat (worn)
 Q - a +2 pair of gloves (worn)
 Y - a +3 buckler of protection (worn)
Magical Staves
 a - the staff of fire "Neste" {rElec rF+ Int+3}
   (You found it on level 3 of the Elven Halls)

   [staff of fire]

   Base accuracy: +5 Base damage: 5 Base attack delay: 1.2 This weapon's minimum
   attack delay (0.6) is reached at skill level 12.
   Int:       It affects your intelligence (+3).
   rF:        It protects you from fire.
   rElec:     It insulates you from electricity.
   It falls into the 'Staves' category.
   It is a one-handed weapon.
 f - the staff of fire "Wuwkirgha" (weapon) {rF+ rC+ Will++ Str+3 Dex+2}
   (You found it on level 5 of the Vaults)

   [staff of fire]

   Base accuracy: +5 Base damage: 5 Base attack delay: 1.2 This weapon's minimum
   attack delay (0.6) is reached at skill level 12.
   Str:       It affects your strength (+3).
   Dex:       It affects your dexterity (+2).
   rF:        It protects you from fire.
   rC:        It protects you from cold.
   Will:      It greatly increases your willpower.
   It falls into the 'Staves' category.
   It is a one-handed weapon.
Jewellery
 i - the ring "Punawk" (left hand) {*Slow rF+ rC+ rN+ Will+, =R}
   (You bought it in a shop on level 12 of the Dungeon)

   [ring of protection from fire]

   rF:        It protects you from fire.
   rC:        It protects you from cold.
   rN:        It protects you from negative energy.
   *Slow:     It may slow you when you take damage.
   Will:      It increases your willpower.
 s - an amulet of magic regeneration (around neck)
 u - the ring of Yesterday (right hand) {rElec rC+ Dex+4}
   (You found it in an ice cave)

   [ring of protection from cold]

   Dex:       It affects your dexterity (+4).
   rC:        It protects you from cold.
   rElec:     It insulates you from electricity.
 v - a ring of resist corrosion
 y - a ring of wizardry
 W - a ring of protection from fire
Wands
 b - a wand of roots (48)
 c - a wand of light (9)
 d - a wand of digging (18)
 m - a wand of polymorph (23)
 n - a wand of charming (67)
 z - a wand of mindburst (25)
Scrolls
 l - 9 scrolls of fog {@r2}
 p - 2 scrolls of amnesia
 q - 7 scrolls of immolation
 r - 6 scrolls of fear {@r4}
 x - 12 scrolls of vulnerability
 J - 6 scrolls of enchant armour
 N - 26 scrolls of teleportation {@r3}
 O - 14 scrolls of poison
 P - 5 scrolls of butterflies {@r6}
 R - 14 scrolls of blinking {@r5}
Potions
 e - 8 potions of enlightenment
 h - 9 potions of brilliance {@q5}
 j - 3 potions of mutation {@q6}
 k - 15 potions of curing {@q1}
 t - 5 potions of cancellation
 w - 5 potions of magic
 A - 6 potions of lignification
 E - 13 potions of heal wounds {@q2}
 H - 6 potions of ambrosia
 M - 4 potions of haste {@q4}
 T - 2 potions of invisibility
 U - a potion of resistance
Miscellaneous
 B - a phantom mirror
 C - a tin of tremorstones (2/2)
 V - a lightning rod (4/4)
 X - a sack of spiders
 Z - a phial of floods


   Skills:
 - Level 22.0 Fighting
 O Level 27 Staves
 - Level 12.0 Armour
 - Level 16.0 Dodging
 + Level 9.0 Stealth
 - Level 8.0 Shields
 - Level 16.0 Spellcasting
 - Level 23.0 Conjurations
 - Level 4.0 Summonings
 - Level 4.0 Translocations
 - Level 22.0 Fire Magic
 - Level 6.0 Ice Magic
 - Level 11.0 Air Magic
 - Level 10.0 Earth Magic
 - Level 2.0 Poison Magic
 - Level 12.0 Evocations


You couldn't memorise any spells.
You knew the following spells:

 Your Spells              Type           Power      Damage    Failure   Level
a - Fireball              Conj/Fire      62%        3d24      0%          5
b - Ignition              Fire           61%        3d17      1%          8
c - Fire Storm            Conj/Fire      62%        8d16      11%         9
d - Orb of Destruction    Conj           51%        9d13      1%          7
f - Freezing Cloud        Conj/Ice/Air   39%        6-21      1%          5
g - Call Imp              Summ           92%        N/A       1%          2
s - Starburst             Conj/Fire      62%        6d16      1%          6
t - Blink                 Tloc           92%        N/A       1%          2
v - Lehudib's Crystal Sp  Conj/Erth      43%        10d11     8%          8
x - Irradiate             Conj/Tmut      37%        3d24      1%          5
z - Apportation           Tloc           92%        N/A       1%          1

Your spell library contained the following spells:

 Spells                   Type           Power      Damage    Failure   Level
 Maxwell's Capacitive Co  Air            36%        ∞         54%         8
 Shatter                  Erth           34%        3d28*     100%        9
 Foxfire                  Conj/Fire      100%       2x1d9     0%          1
 Magic Dart               Conj           100%       1d8       0%          1
 Shock                    Conj/Air       100%       1d9       0%          1
 Searing Ray              Conj           100%       2d8       0%          2
 Static Discharge         Conj/Air       100%       2-7/arc   0%          2
 Flame Wave               Conj/Fire      100%       2d21      0%          4
 Sticky Flame             Conj/Fire      100%       2d11      0%          4
 Iskenderun's Battlesphe  Conj           100%       2d15      0%          5
 Kiss of Death            Conj/Necr      100%       2d13      1%          1
 Summon Small Mammal      Summ           100%       N/A       1%          1
 Cigotuvi's Dreadful Rot  Necr/Pois/Air  96%        N/A       1%          2
 Ensorcelled Hibernation  Hex/Ice        80%        N/A       1%          2
 Lesser Beckoning         Tloc           92%        N/A       1%          2
 Poisonous Vapours        Pois/Air       100%       N/A       1%          2
 Dazzling Flash           Conj/Hex       100%       N/A       1%          3
 Hailstorm                Conj/Ice       82%        3d17      1%          3
 Ignite Poison            Fire/Tmut/Pois 81%        N/A       1%          3
 Inner Flame              Hex/Fire       92%        N/A       1%          3
 Mephitic Cloud           Conj/Pois/Air  75%        N/A       1%          3
 Ozocubu's Armour         Ice            55%        N/A       1%          3
 Volatile Blastmotes      Fire/Tloc      100%       2d18      1%          3
 Airstrike                Air            36%        2d(6-22)  1%          4
 Fulminant Prism          Conj/Hex       37%        3d17      1%          4
 Iskenderun's Mystic Bla  Conj/Tloc      79%        2d16      1%          4
 Summon Lightning Spire   Summ/Air       61%        N/A       1%          4
 Lee's Rapid Deconstruct  Erth           34%        3d17*     1%          5
 Conjure Ball Lightning   Conj/Air       44%        3x3d15    1%          6
 Leda's Unmaking          Conj/Erth      43%        9d7       1%          6
 Plasma Beam              Fire/Air       54%        2x1d69    1%          6
 Call Canine Familiar     Summ           46%        N/A       2%          3
 Gell's Gravitas          Tloc           46%        N/A       2%          3
 Teleport Other           Tloc           46%        N/A       2%          3
 Beastly Appendage        Tmut           46%        N/A       3%          1
 Necrotise                Necr           92%        1d8       3%          1
 Slow                     Hex            92%        N/A       3%          1
 Spellforged Servitor     Conj/Summ      39%        N/A       3%          7
 Portal Projectile        Hex/Tloc       68%        N/A       4%          3
 Summon Guardian Golem    Hex/Summ       34%        N/A       4%          3
 Leda's Liquefaction      Hex/Erth       25%        N/A       4%          4
 Petrify                  Tmut/Erth      51%        N/A       4%          4
 Summon Ice Beast         Ice/Summ       51%        N/A       4%          4
 Sublimation of Blood     Necr           23%        N/A       5%          2
 Wereblood                Tmut           23%        N/A       5%          2
 Passage of Golubria      Tloc           46%        N/A       7%          4
 Spider Form              Tmut/Pois      29%        N/A       8%          3
 Confusing Touch          Hex            23%        N/A       11%         3
 Tukima's Dance           Hex            23%        N/A       11%         3
 Vampiric Draining        Necr           23%        2d7       11%         3
 Ice Form                 Ice/Tmut       40%        N/A       11%         4
 Silence                  Hex/Air        26%        N/A       11%         5
 Borgnjor's Vile Clutch   Necr/Erth      25%        N/A       13%         5
 Summon Forest            Summ/Tloc      23%        N/A       21%         5
 Yara's Violent Unravell  Hex/Tmut       11%        3d6       26%         5
 Metabolic Englaciation   Hex/Ice        20%        N/A       30%         5
 Anguish                  Hex/Necr       11%        N/A       36%         4
 Animate Dead             Necr           23%        N/A       36%         4
 Dispel Undead            Necr           23%        3d12      36%         4
 Summon Mana Viper        Hex/Summ       34%        N/A       41%         5
 Ozocubu's Refrigeration  Ice            27%        4d13      54%         7
 Alistair's Intoxication  Tmut/Pois      19%        N/A       56%         5
 Statue Form              Tmut/Erth      34%        N/A       58%         6
 Chain Lightning          Conj/Air       44%        3d59      63%         9
 Eringya's Noxious Bog    Tmut/Pois      14%        N/A       65%         6
 Agony                    Necr           23%        N/A       71%         5
 Blade Hands              Tmut           11%        N/A       71%         5
 Dispersal                Tloc           23%        N/A       73%         6
 Summon Cactus Giant      Summ           23%        N/A       73%         6
 Simulacrum               Ice/Necr       20%        N/A       86%         6
 Death Channel            Necr           11%        N/A       99%         6
 Monstrous Menagerie      Summ           23%        N/A       99%         7
 Summon Hydra             Summ           23%        N/A       99%         7
 Dragon Form              Tmut           11%        N/A       100%        7
 Enfeeble                 Hex            11%        N/A       100%        7
 Discord                  Hex            11%        N/A       100%        8
 Disjunction              Tloc           23%        N/A       100%        8
 Infestation              Necr           11%        N/A       100%        8
 Necromutation            Tmut/Necr      11%        N/A       100%        8
 Death's Door             Necr           11%        N/A       100%        9
 Polar Vortex             Ice            27%        N/A       100%        9


Dungeon Overview and Level Annotations

Branches:
Dungeon (15/15)            Temple (1/1) D:7            Lair (5/5) D:11
 Shoals (4/4) Lair:3        Snake (4/4) Lair:2        Slime (5/5) Lair:5
    Orc (2/2) D:10            Elf (3/3) Orc:2        Vaults (5/5) D:13
  Crypt (3/3) Vaults:2       Tomb (0/3) Crypt:3      Depths (4/4) D:15
    Zot (5/5) Depths:4     Bailey (visited)           IceCv (visited)

Altars:
Elyvilon
Fedhas
Kikubaaqudgha
Makhleb
Sif Muna
Vehumet
Xom
Yredelemnul
Zin
The Shining One
Jiyva

Shops:
D:11 =(   D:12 *=[   Orc:1 ((*   Orc:2 !=*   Elf:1 !   Elf:2 !   Shoals:1 (
Snake:2 *   Vaults:5 *

Portals:
Hell: Depths:1 Depths:2 Depths:3 Depths:4
Abyss: Depths:2 Depths:3
Pandemonium: Depths:2
Ziggurat: Depths:1
Trove: Elf:2 (show abyssal rune of Zot)

Annotations:
Elf:2 5 runed translucent doors


Innate Abilities, Weirdness & Mutations

You have a beak for a mouth.
You have claws for feet.
Your magical nature lets you fly swiftly and evasively.
You are partially covered in iridescent scales. (AC +2)
Your mind is acute. (Int +4, Str/Dex -1)
Your muscles are strong. (Str +4, Int/Dex -1)


Message History

The great blast of fire engulfs the orange demon!!!!
You kill the orange demon!
Vehumet accepts your kill.
You feel your power returning.
The cacodemon is engulfed in blazing flames.
Casting: Fire Storm (dangerous; 11% risk of failure)
Confirm with . or Enter, or press ? or * to list all spells.
Aiming: Fire Storm (dangerous; 11% risk of failure)
Press: ? - help, Dir - move target, f/p - cacodemon
Aim: a cacodemon (flame, severely wounded)
You feel a surge of power! That beam is likely to hit you.
Continue anyway?
Okay, then.
Casting: Fire Storm (dangerous; 11% risk of failure)
Confirm with . or Enter, or press ? or * to list all spells.
Aiming: Fire Storm (dangerous; 11% risk of failure)
Press: ? - help, Dir - move target, p - cacodemon You feel a surge of power!
You miscast Fire Storm.
You are lightly contaminated with residual magic.
You feel uncomfortably hot. You resist.
The cacodemon is engulfed in blazing flames.
The cacodemon hits your fire vortex. The cacodemon hits your fire vortex!
Casting: Fire Storm (dangerous; 11% risk of failure)
Confirm with . or Enter, or press ? or * to list all spells.
Aiming: Fire Storm (dangerous; 11% risk of failure)
Press: ? - help, Dir - move target You feel a surge of power!
A raging storm of fire appears!
The great blast of fire engulfs the cacodemon!!!
You kill the cacodemon!
Vehumet accepts your kill.
You feel your power returning.
Your Stealth skill increases to level 9!
(D) Dungeon (T) Temple (L) Lair (A) Shoals (P) Snake Pit (M) Slime Pits (O) Orcish Mines (E) Elven Halls (V) Vaults (C) Crypt (W) Tomb (U) Depths (H) Hell (Z) Zot
Where to? (Enter - D:1 @ (x,y), ? - help) HP restored.
There is a staircase leading out of the dungeon here.
You have escaped!

#.#.# #.# ##........#
## #.#.# #.#
#.......##≈≈# #.#.###.#
##..≈~≈~≈≈≈≈#
#.......####≈~~~~~~≈≈≈#
###.###.##≈≈≈≈≈~..#####
....# #.##≈≈≈#....#
##### #.##≈###...##
##### ##..# ##@# ###


There were no monsters in sight!

Vanquished Creatures
  the Royal Jelly (Slime:5)
  Dissolution (Slime:5)
  3 dread liches
  4 ancient liches
  3 juggernauts
  9 orbs of fire (Zot:5)
  Sojobo (Vaults:3)
  A Killer Klown (Zot:5)
  Vv (Zot:4)
  A shard shrike (Zot:4)
  Vashnia (Snake:3)
  The ghost of sanka the Stormcaller, a veteran DgAE (Zot:2)
  3 curse toes
  11 golden dragons
  A profane servitor (Depths:1)
  6 electric golems
  A Tzitzimitl (Zot:1)
  Zenata (Vaults:3)
  19 tentacled monstrosities
  A shard shrike skeleton (Crypt:3)
  Rupert (D:14)
  Jorgrun (Orc:1)
  The ghost of HoaS the Marksdemigod, an adept DgHu (Shoals:2)
  23 Orb Guardians
  8 liches
  3 titans (Vaults:5)
  A walking frostbound tome (Depths:4)
  3 deep elf blademasters (Elf:3)
  2 deep elf master archers (Elf:3)
  2 krakens
  12 acid blobs
  5 quicksilver dragons
  11 ancient champions
  5 death cobs
  6 sphinxes
  Agnes (D:14)
  14 tengu reavers
  10 shadow dragons
  6 draconian monks
  11 azure jellies
  23 storm dragons
  10 rockslimes
  5 iron dragons
  2 revenants
  6 draconian knights
  9 frost giants
  19 vault wardens
  9 fire giants
  6 draconian scorchers
  6 deep elf sorcerers
  8 draconian shifters
  A balrug (Zot:4)
  4 curse skulls
  Aizul (Shoals:3)
  8 deep elf elementalists (Elf:3)
  4 ghost moths
  A cacodemon (D:1)
  Louise (D:15)
  4 formless jellyfish
  14 stone giants
  3 spriggan defenders
  15 ironbound preservers
  3 orc warlords
  7 draconian annihilators
  14 quicksilver oozes
  36 very ugly things
  18 ghouls
  2 reapers
  4 caustic shrike skeletons (Crypt:3)
  12 black draconians
  4 war gargoyles
  13 vampire knights
  8 ironbound thunderhulks
  10 green draconians
  12 purple draconians
  Azrael (Snake:2)
  19 white draconians
  21 red draconians
  11 yellow draconians
  12 deep elf annihilators
  4 deep elf demonologists
  2 grey draconians (Zot:4)
  3 dire elephants (Vaults:2)
  3 spark wasps (Depths:2)
  An acid blob zombie (Crypt:2)
  11 deep elf death magi
  4 eidola
  7 merfolk javelineers
  13 ettins
  A crystal guardian (Vaults:4)
  8 merfolk impalers
  Snorg (D:12)
  8 deep elf high priests (Elf:3)
  3 entropy weavers
  14 fire dragons
  10 yaktaur captains
  10 jiangshi
  2 spriggan zombies
  The ghost of MirrMurr the Marksspriggan, a journeyman SpHu of Dithmenos (Lair:4)
  Josephine (D:11)
  11 great orbs of eyes
  A spectral golden dragon (Zot:2)
  2 rakshasas (Depths:1)
  29 vault guards
  The ghost of Winter the Fencer, a journeyman MiFi of Qazlal (D:12)
  2 quicksilver dragon skeletons (Crypt:3)
  4 peacekeepers
  6 salamander tyrants (Snake:4)
  2 hydras
  Harold (Orc:1)
  An ogre mage (Vaults:3)
  5 ice dragons
  A spectral shadow dragon (Zot:2)
  5 merfolk avatars
  A caustic shrike simulacrum (Crypt:3)
  17 anacondas
  15 ironbound frosthearts
  4 spriggan air magi
  3 spriggan skeletons (Crypt:3)
  A catoblepas (Lair:5)
  7 centaur warriors
  A bennu zombie (Crypt:3)
  5 death knights
  A hell beast (Depths:1)
  A two-headed ogre (shapeshifter) (Vaults:5)
  3 alligator snapping turtles (Shoals:4)
  9 dancing weapons
  4 merfolk aquamancers
  9 two-headed ogres
  7 boulder beetles
  16 naga warriors
  A fenstrider witch skeleton (Crypt:3)
  9 tengu warriors
  12 vampire magi
  14 deep troll shamans
  A titan zombie (Crypt:1)
  10 death yaks
  A quicksilver ooze zombie (Crypt:1)
  8 deep troll earth magi
  Urug (Lair:3)
  7 shock serpents
  14 naga sharpshooters
  2 soul eaters
  4 orc high priests (Orc:2)
  14 hell knights
  17 deep elf knights
  29 skeletal warriors
  7 sun demons (Depths:1)
  7 salamander mystics (Snake:4)
  Nergalle (D:11)
  8 spriggan berserkers
  2 titan skeletons (Crypt:3)
  4 skysharks
  5 shadow wraiths
  A skyshark (shapeshifter) (D:15)
  12 iron trolls
  A spectral white draconian (Zot:2)
  11 sea snakes
  A storm dragon skeleton (Crypt:3)
  An anaconda zombie (Crypt:2)
  A shadow demon (D:2)
  42 deep trolls
  2 orange crystal statues (IceCv)
  5 glowing orange brains
  18 lindwurms
  5 flayed ghosts
  5 naga ritualists
  A bunyip skeleton (Crypt:2)
  A bog body (Crypt:2)
  12 deep elf archers
  A lindwurm (shapeshifter) (Depths:1)
  17 phantasmal warriors
  8 wizards
  11 orc knights
  7 harpies
  A wolf spider (Vaults:5)
  17 ironbound convokers
  14 mana vipers
  18 deep elf pyromancers
  10 necromancers
  29 ugly things
  A mana viper (shapeshifter) (Depths:2)
  6 orc sorcerers
  7 fauns
  An eleionoma zombie (Crypt:1)
  19 deep elf zephyrmancers
  3 shining eyes
  A fire giant zombie (Vaults:4)
  15 cyclopes
  A shadow dragon skeleton (Depths:1)
  A sphinx skeleton (Depths:1)
  3 elephants (Lair:4)
  12 manticores
  A shining eye (shapeshifter) (Depths:2)
  13 salamanders
  24 moths of wrath
  A rust devil (D:9)
  7 merfolk sirens
  A toenail golem (Depths:4)
  An iron dragon skeleton (Crypt:1)
  Maurice (Orc:1)
  17 naga magi
  7 guardian serpents
  A black mamba (shapeshifter) (D:14)
  2 orange demons
  36 black mambas
  3 water nymphs
  Joseph (D:8)
  5 eyes of devastation
  2 storm dragon simulacra
  11 vault sentinels
  A death yak zombie (Crypt:1)
  3 centaur skeletons (Crypt:3)
  2 gargoyles (D:10)
  A torpor snail (Lair:2)
  Maggie (D:8)
  An elephant slug zombie (Crypt:1)
  16 cane toads
  A cane toad (shapeshifter) (D:14)
  Psyche (D:8)
  2 alligator snapping turtle skeletons
  2 kobold demonologists
  28 yaktaurs
  2 unseen horrors
  A hellion (D:4)
  3 freezing wraiths
  4 tengu conjurers
  2 naga skeletons (Crypt:3)
  5 komodo dragons
  3 rime drakes
  A catoblepas skeleton (Crypt:3)
  A minotaur skeleton (Crypt:3)
  A green draconian skeleton (Crypt:2)
  3 guardian mummies (Crypt:2)
  2 black draconian skeletons (Crypt:2)
  A tormentor (D:1)
  A hydra zombie (Crypt:2)
  5 polar bears (Lair:5)
  A white draconian skeleton (Crypt:1)
  3 spectral moths of wrath (Zot:2)
  3 meliai (D:14)
  5 wind drakes
  11 trolls
  A hornet (shapeshifter) (D:14)
  11 blink frogs
  27 merfolk
  12 hornets
  Prince Ribbit (D:8)
  2 harpy skeletons (Crypt:3)
  A frost giant simulacrum (Vaults:4)
  A merfolk zombie (Crypt:2)
  16 snapping turtles
  12 dream sheep
  90 slime creatures
  4 air elementals
  A culicivora (Vaults:3)
  49 yaks
  A spriggan (shapeshifter) (Elf:1)
  2 centaur simulacra
  An ettin skeleton (Crypt:3)
  20 spriggans
  A shadow (D:9)
  2 wyverns
  13 water elementals
  A wind drake zombie (Crypt:1)
  11 wraiths
  6 fire elementals
  A tyrant leech zombie (Crypt:2)
  4 basilisks
  7 golden eyes
  4 vampire mosquitoes
  Grum (Bailey)
  A yellow draconian simulacrum (Zot:2)
  A redback (Vaults:3)
  A yaktaur simulacrum (Vaults:4)
  40 nagas
  A red draconian simulacrum (Zot:2)
  4 wargs
  2 human zombies
  6 hell hounds (Snake:2)
  Duvessa (D:5)
  18 water moccasins
  3 hydra simulacra (Depths:3)
  5 moth of wrath simulacra (Zot:2)
  A floating eye (Slime:3)
  45 orc warriors
  A swamp drake (D:10)
  8 great orb of eyes simulacra (IceCv)
  A swamp drake (shapeshifter) (Vaults:5)
  2 ice beasts
  2 sky beasts (D:7)
  7 black bears
  A blink frog zombie (Crypt:3)
  14 centaurs
  4 boggarts
  16 ogres
  27 wolves
  A snapping turtle skeleton (Crypt:3)
  3 phantoms
  3 slime creature simulacra (IceCv)
  A lindwurm skeleton (Crypt:1)
  3 kobold brigands
  An elephant skeleton (Crypt:3)
  14 bullfrogs
  3 necrophages (Crypt:2)
  7 gnoll sergeants
  5 glowing shapeshifter simulacra (IceCv)
  4 scorpions
  5 earth elementals
  2 yaktaur skeletons
  27 wights
  Dowan (D:5)
  17 killer bees
  An electric eel (D:8)
  A howler monkey (D:6)
  2 shapeshifter skeletons
  6 crimson imps (D:14)
  6 jellies
  6 hounds
  10 gnoll boudas
  28 orc priests
  5 iguanas
  2 sleepcaps
  34 orc wizards
  A naga zombie (Crypt:2)
  An ogre skeleton (Crypt:3)
  A hound zombie (D:3)
  25 gnolls
  5 adders
  A shadow imp (D:7)
  5 white imps
  2 ufetubi
  3 worms
  5 dart slugs
  An orc (shapeshifter) (Depths:2)
  120 orcs
  6 ball pythons
  2 bats (D:1)
  6 endoplasms
  4 giant cockroaches
  3 goblins
  5 hobgoblins
  2 jackals (D:1)
  13 kobolds
  3 quokkas
  4 frilled lizards
  A hobgoblin zombie (Crypt:2)
  5 rats (D:1)
  A butterfly (Lair:5)
  7 fire vortices
  6 tentacles
2546 creatures vanquished.

Vanquished Creatures (collateral kills)
  A Killer Klown (Zot:5)
  A golden dragon (Zot:5)
  3 Orb Guardians (Zot:5)
  An Ice Fiend (D:7)
  A death cob (Zot:5)
  5 acid blobs
  A draconian monk (Zot:5)
  3 storm dragons
  2 very ugly things (Zot:4)
  A ghoul (Crypt:2)
  A caustic shrike skeleton (Crypt:3)
  2 green draconians
  A black draconian (Zot:4)
  A white draconian (Zot:4)
  A yellow draconian (Zot:5)
  A spark wasp (Depths:2)
  A death knight (Crypt:2)
  A skeletal warrior (Crypt:3)
  A titan skeleton (Crypt:3)
  An iron troll (Depths:2)
  An ugly thing (Depths:2)
  A moth of wrath (Zot:3)
  2 harpy zombies
  A harpy skeleton (Crypt:1)
  A black bear (D:7)
  A phantom (D:4)
  A killer bee (D:7)
  4 orc priests (Orc:2)
  A hound (D:4)
  A sleepcap (D:4)
  Jessica (D:2)
  An iguana (D:4)
  A scorpion zombie (D:3)
  2 adders
  4 orcs
  A bat (D:3)
  An endoplasm (D:2)
  2 goblins
  A hobgoblin (D:3)
  2 jackals (D:1)
  3 quokkas
  A ball python (D:3)
  A kobold (D:1)
  A rat (D:3)
66 creatures vanquished.

Vanquished Creatures (others)
  A death cob (Zot:3)
  A red draconian (Zot:3)
  An anaconda (Snake:3)
  A deep elf pyromancer (Elf:3)
  An ugly thing (Depths:2)
  3 water elementals
  4 hydra simulacra (Depths:3)
  An orc (D:8)
  374 fire vortices
  2 tentacles (Shoals:1)
389 creatures vanquished.

Grand Total: 3001 creatures vanquished

Notes
Turn   | Place    | Note
-------+----------+-------------------------------------------
     0 | D:1      | PaperRat the Tengu Hedge Wizard began the quest for the
                  | Orb.
     0 | D:1      | Reached XP level 1. HP: 10/10 MP: 5/5
   455 | D:1      | Reached XP level 2. HP: 15/15 MP: 2/7
   505 | D:1      | Learned a level 2 spell: Call Imp
   508 | D:1      | Learned a level 2 spell: Blink
  1108 | D:1      | Found a faded altar of an unknown god.
  1416 | D:2      | Reached XP level 3. HP: 20/20 MP: 3/8
  2213 | D:2      | Identified the +4 ring mail of Ecwar {rC+ rN+ Int+4 Dex+2}
  2529 | D:1      | Reached skill level 1 in Fighting
  2671 | D:3      | Noticed Jessica
  2677 | D:2      | Killed Jessica
  2678 | D:2      | Reached XP level 4. HP: 25/25 MP: 6/9
  3325 | D:3      | Gained mutation: Your magical nature lets you fly swiftly
                  | and evasively. [Tengu growth]
  3325 | D:3      | Reached XP level 5. HP: 30/30 MP: 7/10
  3402 | D:3      | Reached skill level 1 in Armour
  3584 | D:3      | Learned a level 3 spell: Mephitic Cloud
  3776 | D:3      | Reached XP level 6. HP: 36/36 MP: 11/11
  3779 | D:3      | Found a basalt altar of Yredelemnul.
  3948 | D:4      | Found a radiant altar of Vehumet.
  3972 | D:4      | Reached skill level 1 in Air Magic
  4020 | D:4      | Became a worshipper of Vehumet
  4069 | D:4      | Found the crystal ball of Wucad Mu {*channel}
  4145 | D:4      | Reached skill level 1 in Poison Magic
  4145 | D:4      | Reached skill level 1 in Evocations
  4606 | D:5      | Entered Level 5 of the Dungeon
  4623 | D:4      | Reached XP level 7. HP: 32/41 MP: 10/12
  4890 | D:5      | Reached skill level 5 in Conjurations
  5067 | D:5      | Noticed Duvessa
  5067 | D:5      | Noticed Dowan
  5091 | D:5      | Killed Dowan
  5173 | D:5      | Noticed a two-headed ogre
  5357 | D:4      | Reached * piety under Vehumet
  5357 | D:4      | Offered knowledge of Shock by Vehumet.
  5358 | D:4      | Reached XP level 8. HP: 48/48 MP: 11/13
  5360 | D:4      | Learned a level 1 spell: Shock
  5392 | D:5      | Learned a level 2 spell: Poisonous Vapours
  5605 | D:5      | Killed Duvessa
  5606 | D:5      | Reached skill level 5 in Fighting
  6153 | D:5      | Killed a two-headed ogre
  6154 | D:5      | Reached skill level 1 in Translocations
  6154 | D:5      | Reached XP level 9. HP: 55/55 MP: 3/15
  6689 | D:6      | Reached skill level 5 in Air Magic
  6895 | D:6      | Offered knowledge of Freeze by Vehumet.
  7147 | D:6      | Reached ** piety under Vehumet
  7965 | D:7      | Learned a level 5 spell: Freezing Cloud
  7967 | D:7      | Found a flagged portal.
  7978 | Bailey   | Entered a bailey
  8305 | Bailey   | Reached skill level 1 in Ice Magic
  8494 | Bailey   | Offered knowledge of Inner Flame by Vehumet.
  8546 | Bailey   | Reached XP level 10. HP: 63/63 MP: 12/17
  8630 | Bailey   | Noticed Grum
  8641 | Bailey   | Killed Grum
  8672 | Bailey   | Reached *** piety under Vehumet
  9595 | D:7      | Offered knowledge of Frozen Ramparts by Vehumet.
  9784 | D:7      | Found a glowing golden altar of the Shining One.
  9961 | D:7      | Found a staircase to the Ecumenical Temple.
  9970 | Temple   | Entered the Ecumenical Temple
 10385 | D:8      | Noticed Psyche
 10427 | D:8      | Reached **** piety under Vehumet
 10437 | D:8      | Noticed Joseph
 10442 | D:8      | Killed Joseph
 10547 | D:8      | Noticed Maggie
 10554 | D:8      | Killed Maggie
 10555 | D:8      | Reached skill level 5 in Dodging
 10555 | D:8      | Reached XP level 11. HP: 54/68 MP: 8/18
 10635 | D:8      | Noticed Prince Ribbit
 10638 | D:8      | Killed Prince Ribbit
 10657 | D:8      | Offered knowledge of Sticky Flame by Vehumet.
 10852 | D:8      | Killed Psyche
 11677 | D:9      | Noticed a manticore
 11684 | D:9      | Killed a manticore
 11868 | D:9      | Reached skill level 5 in Ice Magic
 11935 | D:9      | Reached skill level 5 in Spellcasting
 12564 | D:9      | Reached skill level 10 in Conjurations
 12565 | D:9      | Reached skill level 10 in Air Magic
 12891 | D:9      | Learned a level 4 spell: Sticky Flame
 12892 | D:10     | Entered Level 10 of the Dungeon
 13377 | D:10     | Found the +6 shillelagh "Devastator" {shatter}
 13380 | D:10     | Noticed a boulder beetle
 13391 | D:10     | Noticed a two-headed ogre
 13391 | D:10     | Killed a boulder beetle
 13412 | D:10     | Killed a two-headed ogre
 13413 | D:10     | Reached XP level 12. HP: 74/74 MP: 6/21
 13536 | D:10     | You are sucked into a shaft and drop 1 floor!
 13556 | D:11     | Reached ***** piety under Vehumet
 13655 | D:11     | Offered knowledge of Ozocubu's Refrigeration by Vehumet.
 14295 | D:11     | Found a transporter.
 14295 | D:11     | Found Piak's Jewellery Emporium.
 14327 | D:11     | Found a transporter.
 14332 | D:11     | Noticed Nergalle
 14386 | D:11     | Found Qidon's Antique Weapon Boutique.
 14411 | D:11     | Noticed Josephine
 14417 | D:11     | Killed Josephine
 14541 | D:10     | Found a burning altar of Makhleb.
 14575 | D:10     | Found a white marble altar of Elyvilon.
 14996 | D:10     | Found a staircase to the Orcish Mines.
 15491 | D:11     | Found a shimmering blue altar of Sif Muna.
 15557 | D:11     | Found a staircase to the Lair.
 15574 | D:11     | Killed Nergalle
 15856 | D:11     | Bought a smoking halberd for 252 gold pieces
 15856 | D:11     | Identified the +5 halberd "Qaitz" {freeze, *Noise rElec
                  | rF+++ Dex+4} (You bought it in a shop on level 11 of the
                  | Dungeon)
 15902 | Lair:1   | Entered Level 1 of the Lair of Beasts
 16571 | Lair:1   | Noticed a death yak
 16581 | Lair:1   | Killed a death yak
 16669 | Lair:1   | Noticed a death yak
 16670 | Lair:1   | Noticed a death yak
 16671 | Lair:1   | Noticed a death yak
 16672 | Lair:1   | Offered knowledge of Flame Wave by Vehumet.
 16683 | Lair:1   | Killed a death yak
 16684 | Lair:1   | Reached skill level 10 in Fighting
 16684 | Lair:1   | Reached skill level 10 in Dodging
 16691 | Lair:1   | Killed a death yak
 16702 | Lair:1   | Killed a death yak
 16703 | Lair:1   | Reached XP level 13. HP: 82/82 MP: 11/24
 17543 | Lair:2   | Reached skill level 5 in Evocations
 17954 | Lair:2   | You are sucked into a shaft and drop 1 floor!
 18305 | Lair:3   | Noticed Urug
 18326 | Lair:3   | Killed Urug
 18572 | Lair:3   | Found a staircase to the Shoals.
 19391 | Lair:2   | Found a staircase to the Snake Pit.
 20329 | Lair:4   | Found a runed translucent gate.
 20330 | Lair:4   | Found a runed translucent gate.
 20330 | Lair:4   | Found a runed translucent gate.
 20333 | Lair:4   | Noticed MirrMurr's ghost (journeyman SpHu)
 20396 | Lair:4   | Killed MirrMurr's ghost
 21290 | Lair:4   | Reached XP level 14. HP: 90/90 MP: 24/27
 21375 | Lair:5   | Entered Level 5 of the Lair of Beasts
 21375 | Lair:5   | Found a staircase to the Slime Pits.
 21375 | Lair:5   | Found a viscous altar of Jiyva.
 21497 | Lair:5   | Offered knowledge of Orb of Destruction by Vehumet.
 21506 | Lair:5   | Learned a level 7 spell: Orb of Destruction
 22540 | Lair:5   | Reached skill level 1 in Shields
 23185 | Lair:5   | Found a viscous altar of Jiyva.
 23507 | Lair:5   | Found a staircase to the Slime Pits.
 23863 | Orc:1    | Entered Level 1 of the Orcish Mines
 23863 | Orc:1    | Found Yvihej's Weapon Boutique.
 24021 | Orc:1    | Found Saelilag's Assorted Antiques.
 24030 | Orc:1    | Found Walunoomn's Magic Scroll Boutique.
 24039 | Orc:1    | Bought a scroll of identify for 32 gold pieces
 24039 | Orc:1    | Bought a scroll of identify for 32 gold pieces
 24039 | Orc:1    | Bought a scroll of magic mapping for 120 gold pieces
 24039 | Orc:1    | Bought a scroll of teleportation for 48 gold pieces
 24058 | Orc:1    | Bought a crude leather armour for 161 gold pieces
 24058 | Orc:1    | Identified the +0 leather armour "Tuxkag" {Harm rCorr
                  | Dex-3} (You bought it in a shop on level 1 of the Orcish
                  | Mines)
 24059 | Orc:1    | Bought a faintly glowing robe for 131 gold pieces
 24059 | Orc:1    | Identified the +2 robe "Qothobi" {-Tele rC+ rCorr Stlth+}
                  | (You bought it in a shop on level 1 of the Orcish Mines)
 24134 | Orc:1    | Noticed Harold
 24200 | Orc:1    | Killed Harold
 24317 | Orc:1    | Found Tutiob's Weapon Shop.
 24384 | Orc:1    | Noticed Maurice
 24388 | Orc:1    | Killed Maurice
 24673 | Orc:1    | Identified a scroll of acquirement
 24675 | Orc:1    | Acquired 907 gold pieces
 24694 | Orc:1    | Bought a wand of mindburst (6) for 193 gold pieces
 24694 | Orc:1    | Bought an emerald-studded ring mail for 207 gold pieces
 24694 | Orc:1    | Identified the +5 ring mail "Liqumnus" {Regen+ rCorr SInv
                  | Stlth-} (You bought it in a shop on level 1 of the Orcish
                  | Mines)
 24703 | Orc:2    | Entered Level 2 of the Orcish Mines
 24709 | Orc:2    | Noticed Jorgrun
 25106 | Orc:1    | Killed Jorgrun
 25632 | Orc:2    | Reached XP level 15. HP: 96/96 MP: 15/29
 25730 | Orc:2    | Found Haoguso's Jewellery Shoppe.
 25778 | Orc:2    | Bought an amulet of magic regeneration for 300 gold pieces
 25795 | Orc:2    | Found Heseif's Distillery.
 25811 | Orc:2    | Reached skill level 5 in Shields
 25831 | Orc:2    | Learned a level 6 spell: Starburst
 25841 | Orc:2    | Bought a potion of heal wounds for 90 gold pieces
 25841 | Orc:2    | Bought a potion of invisibility for 144 gold pieces
 25841 | Orc:2    | Bought a potion of cancellation for 144 gold pieces
 25841 | Orc:2    | Bought a potion of haste for 180 gold pieces
 25925 | Orc:2    | Reached skill level 1 in Fire Magic
 26452 | Orc:2    | Offered knowledge of Conjure Ball Lightning by Vehumet.
 26801 | Orc:2    | Reached ****** piety under Vehumet
 26850 | Orc:2    | Found a staircase to the Elven Halls.
 26919 | Orc:2    | Noticed Sonja
 26963 | Orc:2    | Sonja changed into something unseen
 26965 | Orc:2    | Noticed Sonja
 26966 | Orc:2    | Killed Sonja the unseen horror
 27058 | Orc:2    | Noticed an orc warlord
 27066 | Orc:2    | Killed an orc warlord
 27283 | Orc:2    | Found Qity's General Store.
 27291 | Orc:2    | Bought a scroll of teleportation for 39 gold pieces
 27464 | Orc:2    | Offered knowledge of Arcjolt by Vehumet.
 27495 | Orc:2    | Found Vurphiad's Distillery.
 27508 | Orc:2    | Bought a potion of enlightenment for 65 gold pieces
 27834 | Orc:2    | Bought a potion of might for 52 gold pieces
 27834 | Orc:2    | Bought a potion of curing for 39 gold pieces
 27834 | Orc:2    | Bought a potion of enlightenment for 65 gold pieces
 27834 | Orc:2    | Bought a potion of invisibility for 104 gold pieces
 27834 | Orc:2    | Bought a potion of invisibility for 104 gold pieces
 27834 | Orc:2    | Bought a potion of berserk rage for 65 gold pieces
 27834 | Orc:2    | Bought a potion of curing for 39 gold pieces
 27894 | Orc:2    | Bought a potion of haste for 180 gold pieces
 27894 | Orc:2    | Bought a potion of brilliance for 72 gold pieces
 27937 | Orc:1    | Bought a scroll of teleportation for 48 gold pieces
 27937 | Orc:1    | Bought a scroll of poison for 64 gold pieces
 27997 | D:12     | Found Nicrakycso's Armour Shoppe.
 28025 | D:12     | Found Liorar's Jewellery Shoppe.
 28076 | D:12     | Found a flickering gateway to a bazaar.
 28088 | Bazaar   | Entered a bazaar
 28104 | Bazaar   | Found Ziful's Magic Scroll Emporium.
 28111 | Bazaar   | Found Famem's Distillery.
 28142 | Bazaar   | Found Quuddiz's Magic Scroll Emporium.
 28165 | Bazaar   | Found Eblemiez's Distillery.
 28193 | Bazaar   | Bought a scroll of blinking for 45 gold pieces
 28211 | Bazaar   | Bought a potion of heal wounds for 35 gold pieces
 28211 | Bazaar   | Bought a potion of cancellation for 56 gold pieces
 28211 | Bazaar   | Bought a potion of haste for 70 gold pieces
 28235 | Bazaar   | Bought a scroll of butterflies for 40 gold pieces
 28313 | D:12     | Reached skill level 5 in Fire Magic
 28358 | D:12     | Found Ruahahat's General Store.
 28389 | D:12     | Found a runed translucent door.
 28390 | D:12     | Noticed Winter's ghost (journeyman MiFi)
 28466 | D:12     | Reached skill level 15 in Conjurations
 28644 | D:12     | Noticed Snorg
 28650 | D:12     | Killed Snorg
 29075 | D:12     | Killed Winter's ghost
 29332 | D:13     | Reached skill level 5 in Stealth
 29583 | D:13     | Found a gate to the Vaults.
 30245 | D:14     | Noticed Agnes
 30260 | D:14     | Killed Agnes
 30741 | D:14     | Acquired 885 gold pieces
 30971 | D:14     | Reached XP level 16. HP: 101/101 MP: 20/30
 31093 | D:12     | Bought a +2 pair of gloves for 198 gold pieces
 31118 | D:12     | Bought the ring "Punawk" {*Slow rF+ rC+ rN+ Will+} for 691
                  | gold pieces
 31410 | D:14     | Noticed Rupert
 31423 | D:14     | Killed Rupert
 31424 | D:14     | Reached skill level 5 in Armour
 31634 | D:15     | Entered Level 15 of the Dungeon
 31752 | D:15     | Found a frozen archway.
 31764 | IceCv    | Entered an ice cave
 31863 | IceCv    | Offered knowledge of Lee's Rapid Deconstruction by Vehumet.
 32046 | IceCv    | Identified the ring of Yesterday {rElec rC+ Dex+4}
 32368 | IceCv    | Noticed an azure jelly
 32374 | IceCv    | Killed an azure jelly
 32377 | IceCv    | Noticed an azure jelly
 32382 | IceCv    | Killed an azure jelly
 32426 | IceCv    | Noticed a rockslime
 32431 | IceCv    | Killed a rockslime
 32458 | IceCv    | Found a viscous altar of Jiyva.
 32482 | IceCv    | Identified the amulet of Mirth {Faith Drain rElec rF+++
                  | Str-5}
 32489 | IceCv    | Got the ring of the Skies Above {Ice Int+5 Dex+4 Stlth+}
 32920 | D:15     | Found a glowing golden altar of the Shining One.
 32936 | D:15     | Found a glowing silver altar of Zin.
 32938 | D:15     | Found a white marble altar of Elyvilon.
 33118 | D:15     | Found a staircase to the Depths.
 33304 | D:15     | Noticed Louise
 33312 | D:15     | Killed Louise
 33701 | D:12     | Learned a level 5 spell: Irradiate
 33754 | D:12     | Bought a scroll of teleportation for 54 gold pieces
 33881 | Snake:1  | Entered Level 1 of the Snake Pit
 34153 | Snake:1  | Reached skill level 10 in Spellcasting
 34295 | Snake:1  | Found a white marble altar of Elyvilon.
 34515 | Snake:1  | Offered knowledge of Ignition by Vehumet.
 35011 | Snake:2  | Reached XP level 17. HP: 106/106 MP: 22/32
 35021 | Snake:2  | Learned a level 8 spell: Ignition
 35031 | Snake:2  | Found Fohim's General Store.
 35037 | Snake:2  | Found Fiew's Specific Store.
 35044 | Snake:2  | Bought a wand of charming (2) for 76 gold pieces
 35048 | Snake:2  | Bought 2 potions of heal wounds for 170 gold pieces
 35048 | Snake:2  | Bought a scroll of butterflies for 68 gold pieces
 35425 | Snake:2  | Noticed Azrael
 35433 | Snake:2  | Killed Azrael
 36356 | Snake:3  | Reached skill level 10 in Fire Magic
 36801 | Snake:3  | Found a blossoming altar of Fedhas.
 37085 | Snake:3  | Noticed Vashnia
 37119 | Snake:3  | Killed Vashnia
 37209 | Snake:3  | Offered knowledge of Fire Storm by Vehumet.
 37209 | Snake:3  | Offered knowledge of Shatter by Vehumet.
 37209 | Snake:3  | Offered knowledge of Maxwell's Capacitive Coupling by
                  | Vehumet.
 37724 | Snake:4  | Entered Level 4 of the Snake Pit
 38010 | Snake:4  | Found a shimmering altar of Xom.
 38765 | Snake:4  | Reached XP level 18. HP: 89/114 MP: 10/34
 39355 | Snake:4  | Got a serpentine rune of Zot
 39368 | Snake:4  | Learned a level 5 spell: Fireball
 39570 | Shoals:1 | Entered Level 1 of the Shoals
 40046 | Shoals:1 | Found Soasat's Weapon Emporium.
 40682 | Shoals:2 | Noticed HoaS's ghost (adept DgHu)
 40682 | Shoals:2 | Found a runed translucent door.
 42038 | Shoals:2 | Killed HoaS's ghost
 42883 | Shoals:3 | Identified the +4 scale mail "Lyepnus" {Fly Str+3 Int+3
                  | Stlth-}
 43004 | Shoals:4 | Entered Level 4 of the Shoals
 43016 | Shoals:4 | Noticed Aizul
 43026 | Shoals:3 | Killed Aizul
 43027 | Shoals:3 | Reached XP level 19. HP: 118/121 MP: 2/36
 43598 | Shoals:4 | Got a barnacled rune of Zot
 44087 | Shoals:4 | Reached skill level 15 in Dodging
 44700 | Elf:1    | Entered Level 1 of the Elven Halls
 44916 | Elf:1    | Found Icrei's Distillery.
 44923 | Elf:1    | Bought a potion of haste for 150 gold pieces
 44954 | Elf:1    | Reached skill level 15 in Fighting
 45230 | Elf:1    | Reached skill level 15 in Fire Magic
 46013 | Elf:2    | Found a portal to a secret trove of treasure.
 46145 | Elf:2    | Found Boecs's Distillery.
 46151 | Elf:2    | Bought a potion of lignification for 54 gold pieces
 46151 | Elf:2    | Bought a potion of enlightenment for 90 gold pieces
 46563 | Elf:2    | Found a huge runed translucent gate.
 46563 | Elf:2    | Found a huge runed translucent gate.
 46569 | Elf:2    | Found a huge runed translucent gate.
 46570 | Elf:2    | Found a huge runed translucent gate.
 46570 | Elf:2    | Found a huge runed translucent gate.
 46618 | Elf:2    | Paralysed by an air elemental for 1 turns
 46755 | Elf:2    | Upgraded the game from 0.31-a0-133-gaae73658be to
                  | 0.31-a0-142-g31f6795574
 46756 | Elf:3    | Entered Level 3 of the Elven Halls
 47087 | Elf:3    | Reached XP level 20. HP: 131/131 MP: 29/37
 48005 | Elf:3    | Identified the +4 glaive "Oghacs" {distort, rElec rCorr}
 48007 | Elf:3    | Identified the staff of death "Epijigh" {Contam Fly rN+
                  | Will+ Str+4}
 48093 | Elf:3    | Identified the +1 long sword of PaperRat's Slow Death
                  | {drain, Str+4 Dex+3 Stlth-}
 48302 | Elf:3    | Identified the +6 sling of Dinam {flame, Str+5 Int+4}
 48335 | Elf:3    | Identified the staff of fire "Neste" {rElec rF+ Int+3}
 48346 | Elf:3    | Identified the +2 chain mail of the Bells {Will+}
 48349 | Elf:3    | Identified the staff of poison "Medoec" {rPois rCorr}
 48369 | Elf:3    | Got the Secrets of Fey Fire
 48476 | Elf:3    | Identified the staff of poison "Wofixt" {Fly rPois Will+
                  | Int-4 Dex+5 SInv}
 48853 | Vaults:1 | Entered Level 1 of the Vaults
 50037 | Vaults:1 | Reached XP level 21. HP: 136/136 MP: 34/39
 50429 | Vaults:2 | You are sucked into a shaft and drop 1 floor!
 51103 | Vaults:2 | Found a staircase to the Crypt.
 51715 | Vaults:3 | Noticed Sojobo
 51728 | Vaults:3 | Killed Sojobo
 52037 | Vaults:3 | Noticed Zenata
 52047 | Vaults:3 | Killed Zenata
 52992 | Vaults:4 | Found Zetwenig's Distillery.
 53041 | Vaults:4 | Bought a potion of magic for 88 gold pieces
 53041 | Vaults:4 | Bought a potion of ambrosia for 88 gold pieces
 53041 | Vaults:4 | Bought a potion of ambrosia for 88 gold pieces
 53041 | Vaults:4 | Bought a potion of heal wounds for 55 gold pieces
 53041 | Vaults:4 | Bought 2 potions of brilliance for 88 gold pieces
 53041 | Vaults:4 | Bought a potion of brilliance for 44 gold pieces
 53041 | Vaults:4 | Bought a potion of enlightenment for 55 gold pieces
 53041 | Vaults:4 | Bought a potion of curing for 33 gold pieces
 53041 | Vaults:4 | Bought a potion of lignification for 33 gold pieces
 53110 | Vaults:4 | Reached XP level 22. HP: 143/143 MP: 25/41
 54151 | Vaults:5 | Entered Level 5 of the Vaults
 54165 | Vaults:5 | Reached skill level 10 in Armour
 54406 | Vaults:5 | Got a silver rune of Zot
 54597 | Vaults:5 | Reached skill level 10 in Evocations
 54689 | Vaults:5 | Identified the staff of fire "Wuwkirgha" {rF+ rC+ Will++
                  | Str+3 Dex+2}
 54711 | Vaults:5 | Reached skill level 15 in Spellcasting
 54816 | Vaults:5 | Noticed an ancient lich
 54827 | Vaults:5 | Killed an ancient lich
 54871 | Vaults:5 | Learned a level 9 spell: Fire Storm
 54910 | Vaults:5 | Reached XP level 23. HP: 143/150 MP: 15/43
 55006 | Vaults:5 | Identified the ring of Qijag {rPois rC+}
 55308 | Vaults:5 | Found Emol's General Store.
 55316 | Vaults:5 | Bought a scroll of immolation for 88 gold pieces
 55316 | Vaults:5 | Bought a scroll of blinking for 165 gold pieces
 55316 | Vaults:5 | Bought a scroll of teleportation for 66 gold pieces
 55595 | Vaults:5 | Noticed a dread lich
 55607 | Vaults:5 | Killed a dread lich
 56231 | Depths:1 | Entered Level 1 of the Depths
 56655 | Depths:1 | Found a gateway to Hell.
 57056 | Depths:1 | Reached skill level 1 in Staves
 57276 | Depths:1 | Found a radiant altar of Vehumet.
 57609 | Depths:1 | Found a one-way gateway to a ziggurat.
 57855 | Depths:2 | Reached skill level 2 in Staves
 57933 | Depths:2 | Reached skill level 3 in Staves
 58000 | Depths:2 | Reached XP level 24. HP: 150/157 MP: 26/43
 58032 | Depths:2 | Noticed a juggernaut
 58051 | Depths:2 | Killed a juggernaut
 58052 | Depths:2 | Reached skill level 4 in Staves
 58061 | Depths:2 | Noticed a juggernaut
 58084 | Depths:2 | Killed a juggernaut
 58369 | Depths:2 | Found a one-way gate to the infinite horrors of the Abyss.
 58452 | Depths:2 | Reached skill level 5 in Staves
 58778 | Depths:2 | Found a one-way gate leading to the halls of Pandemonium.
 58853 | Depths:2 | Identified the +6 dagger "Ram Oqo" {heavy, rPois Int+4}
 59273 | Depths:3 | Found a runed translucent door.
 59301 | Depths:3 | Reached skill level 6 in Staves
 59791 | Depths:3 | Noticed a juggernaut
 59795 | Depths:3 | Killed a juggernaut
 59796 | Depths:3 | Reached skill level 7 in Staves
 59800 | Depths:3 | Identified the +2 robe of the Tanner {rPois rCorr Dex-2}
 59914 | Depths:3 | Acquired 491 gold pieces
 60270 | Depths:4 | Entered Level 4 of the Depths
 60281 | Depths:4 | Reached skill level 1 in Earth Magic
 60459 | Depths:4 | Found a gate to the Realm of Zot.
 60556 | Depths:4 | Reached XP level 25. HP: 157/165 MP: 30/44
 60900 | Depths:4 | Reached skill level 8 in Staves
 61140 | Depths:4 | Learned a level 6 spell: Leda's Unmaking
 61175 | Zot:1    | Entered Level 1 of the Realm of Zot
 61221 | Zot:1    | Identified the +1 scale mail "Tidaobise" {rPois}
 62101 | Zot:1    | Reached skill level 9 in Staves
 62491 | Zot:2    | Identified the +5 ring mail of Ru's Pride {Contam rPois
                  | rCorr Int+5}
 62516 | Zot:2    | Found a runed translucent gate.
 62516 | Zot:2    | Found a runed translucent gate.
 62517 | Zot:2    | Found a runed translucent gate.
 62520 | Zot:2    | Noticed sanka's ghost (veteran DgAE)
 62525 | Zot:2    | Reached skill level 5 in Earth Magic
 62528 | Zot:2    | Killed sanka's ghost
 62533 | Zot:2    | Identified the staff of fire "Xaonweg" {rF+ Str+6}
 63959 | Zot:3    | Reached skill level 10 in Staves
 64444 | Zot:3    | Identified the +1 plate armour of the Swamp {rElec Int+5}
 64682 | Zot:4    | Reached XP level 26. HP: 150/176 MP: 43/44
 64784 | Zot:4    | Reached skill level 11 in Staves
 64985 | Zot:4    | Reached skill level 12 in Staves
 65015 | Zot:4    | Noticed Vv
 65018 | Zot:4    | Killed Vv
 65019 | Zot:4    | Reached skill level 13 in Staves
 65026 | Zot:4    | Identified the +8 mace "Beastbane" {antimagic, *Corrode
                  | rElec rF+++}
 65153 | Zot:4    | Noticed a shard shrike
 65155 | Zot:4    | Killed a shard shrike
 65156 | Zot:4    | Reached skill level 14 in Staves
 65297 | Zot:4    | Learned a level 8 spell: Lehudib's Crystal Spear
 65512 | Zot:4    | Reached skill level 15 in Staves
 65965 | Zot:5    | Entered Level 5 of the Realm of Zot
 66541 | Zot:5    | Reached skill level 16 in Staves
 66631 | Zot:5    | Noticed an orb of fire
 66632 | Zot:5    | Noticed an orb of fire
 66633 | Zot:5    | Gained mutation: You occasionally shout uncontrollably at
                  | your foes. [an orb of fire]
 66634 | Zot:5    | Killed an orb of fire
 66635 | Zot:5    | Reached skill level 10 in Earth Magic
 66637 | Zot:5    | Killed an orb of fire
 66638 | Zot:5    | Reached XP level 27. HP: 135/184 MP: 36/44
 66676 | Zot:5    | Reached skill level 17 in Staves
 66692 | Zot:5    | Noticed a dread lich
 66697 | Zot:5    | Killed a dread lich
 66723 | Zot:5    | Noticed an orb of fire
 66729 | Zot:5    | Gained mutation: You sometimes lose your temper in combat.
                  | [an orb of fire]
 66730 | Zot:5    | Killed an orb of fire
 67203 | Orc:2    | Bought a potion of mutation for 104 gold pieces
 67234 | Orc:2    | Bought a potion of mutation for 104 gold pieces
 67234 | Orc:2    | Bought a potion of mutation for 104 gold pieces
 67335 | Elf:1    | Bought 2 potions of brilliance for 120 gold pieces
 67335 | Elf:1    | Bought a potion of brilliance for 60 gold pieces
 67335 | Elf:1    | Bought a potion of haste for 150 gold pieces
 67335 | Elf:1    | Bought 2 potions of brilliance for 120 gold pieces
 67335 | Elf:1    | Bought a potion of ambrosia for 120 gold pieces
 67830 | Zot:5    | Learned a level 1 spell: Apportation
 67891 | Zot:5    | Noticed an orb of fire
 67897 | Zot:5    | Reached skill level 18 in Staves
 67899 | Zot:5    | Killed an orb of fire
 67932 | Zot:5    | Noticed an orb of fire
 67936 | Zot:5    | Killed an orb of fire
 67937 | Zot:5    | Reached skill level 19 in Staves
 67937 | Zot:5    | Noticed an orb of fire
 67942 | Zot:5    | Killed an orb of fire
 67944 | Zot:5    | Noticed an orb of fire
 67944 | Zot:5    | Noticed an orb of fire
 67948 | Zot:5    | Killed an orb of fire
 67949 | Zot:5    | Killed an orb of fire
 67954 | Zot:5    | Noticed an orb of fire
 67958 | Zot:5    | Killed an orb of fire
 67966 | Zot:5    | Reached skill level 20 in Staves
 67969 | Zot:5    | Noticed an ancient lich
 67970 | Zot:5    | Killed an ancient lich
 67994 | Zot:5    | Noticed an ancient lich
 67997 | Zot:5    | Killed an ancient lich
 68267 | Zot:5    | Lost mutation: You occasionally shout uncontrollably at
                  | your foes. [potion of mutation]
 68267 | Zot:5    | Lost mutation: You sometimes lose your temper in combat.
                  | [potion of mutation]
 68267 | Zot:5    | Gained mutation: You are partially covered in iridescent
                  | scales. (AC +2) [potion of mutation]
 68267 | Zot:5    | Gained mutation: Your muscles are strong. (Str +4, Int/Dex
                  | -1) [potion of mutation]
 68267 | Zot:5    | Gained mutation: Your mind is acute. (Int +4, Str/Dex -1)
                  | [potion of mutation]
 68669 | Crypt:1  | Entered Level 1 of the Crypt
 68748 | Crypt:1  | Reached skill level 21 in Staves
 69716 | Crypt:2  | Reached skill level 22 in Staves
 69869 | Crypt:2  | Found a transporter.
 69872 | Crypt:2  | Noticed an ancient lich
 69898 | Crypt:2  | Found a transporter.
 69919 | Crypt:2  | Found a transporter.
 69954 | Crypt:2  | Found a transporter.
 69967 | Crypt:2  | Found a transporter.
 70326 | Crypt:2  | Reached skill level 23 in Staves
 70532 | Crypt:2  | Found an ancient bone altar of Kikubaaqudgha.
 70835 | Crypt:2  | Killed an ancient lich
 70859 | Crypt:2  | Got the Anthology of Reconstruction and Feathers
 70875 | Crypt:2  | Identified the +2 hat "Qearil" {-Tele +Inv rF+++ rC-}
 70936 | Crypt:3  | Entered Level 3 of the Crypt
 71105 | Crypt:3  | Reached skill level 24 in Staves
 71733 | Crypt:3  | Noticed a dread lich
 71736 | Crypt:3  | Killed a dread lich
 71737 | Crypt:3  | Reached skill level 25 in Staves
 72002 | Crypt:3  | Got the Folio of Last Rites
 72223 | Crypt:3  | Found a staircase to the Tomb.
 72753 | Slime:1  | Entered Level 1 of the Pits of Slime
 73112 | Slime:2  | Reached skill level 26 in Staves
 73972 | Slime:5  | Entered Level 5 of the Pits of Slime
 74016 | Slime:5  | Noticed the Royal Jelly
 74021 | Slime:5  | Killed the Royal Jelly
 74081 | Slime:5  | Reached skill level 27 in Staves
 74130 | Slime:5  | Noticed Dissolution
 74131 | Slime:5  | Found the +10 tower shield of Ignorance {rN+ Int-4}
 74135 | Slime:5  | Killed Dissolution
 74139 | Slime:5  | Identified the amulet "Rawnes" {Harm Regen+}
 74145 | Slime:5  | Identified the staff of earth "Kuarueh" {Str+5 Dex+3}
 74152 | Slime:5  | Got Leleseo's Codex of the Body and Force
 74161 | Slime:5  | Found the +8 Vampire's Tooth {megavamp}
 74169 | Slime:5  | Identified the +4 ring mail "Garov" {Rampage rN+ Stlth+}
 74201 | Slime:5  | Got a slimy rune of Zot
 74817 | Zot:5    | Got the Orb of Zot
 75378 | D:$      | Escaped with the Orb!

Illustrated notes

Levels and vault maps discovered:
D:1:      eino_arrival_cavern_b, layout_basic, shapermc_ecumenical_altar_petra
D:2:      layout_basic
D:3:      layout_basic, lemuel_zombie_altar_yredelemnul, uniq_jessica
D:4:      layout_cave_pools, mainiacjoe_overflow_cross_hatched,
          minmay_misc_feat_room
D:5:      dreamdust_elfheim, layout_basic, hex_medium, st_stairs_11
D:6:      layout_basic, minmay_between
D:7:      cheibrodos_barr_body, layout_cave_pools,
          mainiacjoe_overflow_concentric_impassable, temple_hall, enter_bailey_2
D:8:      layout_gridville, serial_bayou_ford_a, uniq_psyche, uniq_joseph,
          uniq_maggie, uniq_prince_ribbit1, uniq_grum
D:9:      layout_cave_pods
D:10:     layout_basic, grunt_temple_overflow_open, erik_orc_1,
          dilly_guarded_unrand_devastator
D:11:     layout_big_octagon, erik_lair_orcish_takeover, serial_shops,
          nicolae_stop_n_shop_2, nicolae_shop_drivethru, led_sif_book,
          uniq_nergalle, uniq_josephine
D:12:     layout_long_grid, serial_shops, bzr_firewalk,
          nicolae_shop_gibbet_a_chance, shop, shop, gammafunk_ghost_grave,
          uniq_snorg
D:13:     layout_cave_pods, david_vaults_2, minmay_misc_feat_square
D:14:     minmay_polygon_palace, layout_cave_pools,
          chequers_serial_rivers_micro_b, minmay_nine_imps, uniq_rupert,
          uniq_agnes
D:15:     hangedman_depths_entry_civil_slaughter, layout_stronghold,
          good_gods_temple_1, portal_ice_cave_entry_pillars_four, uniq_louise
Temple:   minmay_temple_bridge_d
Lair:1:   layout_chaotic_city, lemuel_fruit_tree
Lair:2:   wad_woods_tower, layout_long_grid, minmay_snake_entry_six_corridors
Lair:3:   layout_regular_city, shoals_dummy_entry, uniq_urug
Lair:4:   layout_roguey, ebering_ghost_rock_garden, grunt_megastairs_5
Lair:5:   minmay_lair_end_enchanted_forest, layout_hall_layers,
          nicolae_slime_entry_field_trip, lemuel_fruit_fields
Shoals:1: layout_shoals, serial_shops, nicolae_shop_statue_plus,
          hangedman_shoals_cup_caves
Shoals:2: layout_shoals, hellmonk_ghost_happy_afterlife
Shoals:3: layout_shoals
Shoals:4: shoals_end_simple, layout_shoals, nicolae_shoals_gull_way, uniq_aizul
Snake:1:  layout_concentric_octagons, basic_altar
Snake:2:  layout_gridlike, nicolae_specific_store, uniq_azrael
Snake:3:  layout_honeycomb, basic_altar, drop_trap, serial_bayou_pond_e,
          st_stairs_2, uniq_vashnia
Snake:4:  snake_pit_salamanders_mu, layout_cave_town, basic_altar,
          nicolae_snake_omega
Slime:1:  layout_caves, cheibrodos_slime_lost_civilization_5
Slime:2:  layout_caves
Slime:3:  layout_caves, cheibrodos_slime_lost_civilization_6
Slime:4:  layout_caves
Slime:5:  uniq_dissolution
Orc:1:    layout_caves, serial_shops, shop, shop, nicolae_square_shop, shop,
          uniq_maurice, uniq_harold
Orc:2:    pubby_orc_utopia, uniq_jorgrun, uniq_sonja
Elf:1:    eino_elf_arrival_the_gate, layout_rooms, serial_shops, shop,
          serial_co_window_serial, co_window_paths_b, co_window_corner_a,
          co_window_of_opportunity_a, co_window_cross_1, co_window_corner_a,
          co_window_paths_b, co_window_2corner, co_window_2corner,
          co_window_corner_ca, minivault_28
Elf:2:    elven_hall_of_blades_hangedman_alternative
          [nicolae_vaults_blade_armed_guards], layout_geoelf_grid, serial_shops,
          nicolae_shop_statue_plus, serial_aquarium, aquarium_bridge_square
          [aquarium_subvault_bridge, aquarium_subvault_bridge,
          aquarium_subvault_wall, aquarium_subvault_bridge],
          aquarium_window_fake, aquarium_window_corner, aquarium_window_fake,
          aquarium_view_4, enter_trove_3
Elf:3:    nooodl_elf_gasket, layout_loops_corners
Vaults:1: vaults_room_door_ring, st_smaller_cells, nicolae_vaults_gold_heap,
          grunt_vaults_diagonal, nicolae_vaults_two_Ls,
          nicolae_vaults_door_testing_chamber,
          nicolae_vaults_storage_room_water, ontoclasm_vaults_shuriken,
          v_pattern_2, nicolae_vaults_closet_pinwheel_4, v_alt_pattern_2,
          vaults_room_door_ring, layout_vaults_ring
Vaults:2: v_alt_pattern_3, nicolae_vaults_storage_closets_1,
          blue_anna_dwarven_crypt, nicolae_vaults_double_plus_2,
          grunt_vaults_twisty, nicolae_vaults_trapezoid_1,
          ontoclasm_vaults_twist, nicolae_vaults_little_squares_3,
          nicolae_vaults_enemy_cabinets, nicolae_vaults_surprise_closet,
          nicolae_vaults_weapon_check, vaults_room_door_ring,
          nicolae_vaults_rhombus_5, ontoclasm_vaults_eye,
          nicolae_vaults_yaktaur_gun_rack, layout_vaults_big_room
Vaults:3: nicolae_vaults_offset_grid_hallway_2, ontoclasm_vaults_idyll,
          nicolae_vaults_six-pack, nicolae_vaults_tetromino_T_2,
          nicolae_vaults_sesquioval_fish, hangedman_vaults_stagger, v_misc_16,
          nicolae_vaults_closet_pinwheel_4, layout_vaults_omnigrid, uniq_zenata,
          uniq_sojobo
Vaults:4: grunt_vaults_swirl, ontoclasm_vaults_bender,
          nicolae_vaults_network_barrier, v_misc_12, hangedman_vaults_nodes,
          vaults_room_pool, nicolae_vaults_meiosis,
          nicolae_vaults_mini_display_case, vaults_dpeg_encased_lava,
          ontoclasm_vaults_fault, nicolae_vaults_apartment_1,
          nicolae_vaults_lightning_bolt, layout_vaults_omnibox, serial_shops,
          nicolae_shop_just_a_little_nook
Vaults:5
Crypt:1:  layout_misc_corridors, grunt_crypt_arrival_webbed
Crypt:2:  gammafunk_the_bubble [the_bubble_gammafunk_roulette], layout_gridlike,
          lemuel_mausoleum_altar_kikubaaqudgha
Crypt:3:  due_elkab, layout_chaotic_city, minmay_misc_feat_cross, st_stairs_11
Depths:1: layout_honeycomb, enter_ziggurat_f,
          nicolae_hell_entry_hellmouth_sunbeams, vehumet_crystals,
          minmay_misc_feat_four_crosses, chequers_serial_rivers_large_a,
          reono_crystal_passage, kennysheep_another_room, st_stairs_2,
          nrook_mini_backslash, columned_hall_lemuel,
          minmay_fractal_squares_diagonal_5
Depths:2: minmay_complete_graph, layout_twisted_cross, pan_entry,
          serial_bayou_pond_b, hell_entry,
          nicolae_abyss_entry_one_way_or_another, kennysheep_generic_room_10,
          infiniplex_staircase_zigzag_1
Depths:3: cheibrodos_hall_of_evolution, layout_basic, abyss_entry,
          hangedman_tar_grid_catacomb, lightli_gold_pyramid,
          infiniplex_staircase_9_rooms
Depths:4: evilmike_zot_entry_basic, layout_small_grid, hangedman_decor_growths,
          hell_entry
Zot:1:    layout_gridlike, grunt_megastairs_4
Zot:2:    layout_gridlike, gammafunk_ghost_necromancy
Zot:3:    layout_cathedral_of_symmetry
Zot:4:    ebering_greatest_show_in_zot, layout_misc_corridors,
          hangedman_zot_spectrum, uniq_vv, uniq_josephina
Zot:5:    layout_onion, grunt_ministairs_13, st_stairs_4

Skill      XL: |  1  2  3  4  5  6  7  8  9 10 11 12 13 14 15 16 17 18 19 20 21 22 23 24 25 26 27 |
---------------+----------------------------------------------------------------------------------+-----
Conjurations   | 2 3 4 5 7 8 10 13 15 17 18 19 20 22 23 | 23.0
Summonings     | 2 3 4 |  4.0
Fighting       | 1 2 3 4 6 7 8 10 11 12 13 14 15 16 17 18 19 20 22 | 22.0
Armour         | 2 3 4 7 8 9 11 12 | 12.0
Air Magic      | 1 4 6 8 10 11 | 11.0
Poison Magic   | 1 2 |  2.0
Evocations     | 1 2 4 6 8 10 11 12 | 12.0
Dodging        | 4 5 8 10 11 12 14 16 | 16.0
Stealth        | 3 4 6 9 |  9.0
Translocations | 1 2 4 |  4.0
Spellcasting   | 4 5 7 8 9 10 11 12 13 14 15 16 | 16.0
Ice Magic      | 1 4 6 |  6.0
Shields        | 4 6 8 |  8.0
Fire Magic     | 6 9 11 14 15 17 19 20 21 22 | 22.0
Staves         | 3 7 10 16 27 | 27.0
Earth Magic    | 2 7 10 | 10.0

Action                     |  1- 3 |  4- 6 |  7- 9 | 10-12 | 13-15 | 16-18 | 19-21 | 22-24 | 25-27 || total
---------------------------+-------+-------+-------+-------+-------+-------+-------+-------+-------++-------
  Melee: Dagger            |       |       |    10 |       |       |       |       |       |       ||    10
         Kick              |       |       |     5 |    33 |    35 |    20 |    19 |    61 |   110 ||   283
         Peck              |       |       |     3 |    16 |    21 |    17 |    17 |    37 |    74 ||   185
         Unarmed           |       |       |    12 |       |       |       |       |       |       ||    12
         Punch             |       |       |     1 |     2 |       |       |       |       |       ||     3
         Short sword       |       |       |       |    13 |       |       |       |       |       ||    13
         Staff             |       |       |       |    46 |   121 |    46 |    41 |   119 |   219 ||   592
         Shillelagh        |       |       |       |    26 |       |       |       |       |       ||    26
         Morningstar       |       |       |       |       |     3 |       |       |       |       ||     3
   Fire: Sling             |    26 |   127 |   149 |    14 |       |       |       |       |       ||   316
  Throw: Dart              |     1 |    10 |    15 |    29 |     6 |     4 |    19 |    11 |    11 ||   106
         Stone             |       |     3 |       |       |       |       |       |       |       ||     3
         Throwing net      |       |       |       |       |       |     2 |       |       |       ||     2
   Cast: Magic Dart        |    41 |     2 |     5 |       |       |       |       |       |       ||    48
         Call Imp          |    11 |    18 |    14 |    16 |     6 |     2 |       |     1 |       ||    68
         Mephitic Cloud    |       |       |    11 |     5 |     3 |       |       |       |       ||    19
         Poisonous Vapours |       |       |    58 |   137 |   196 |     8 |       |       |       ||   399
         Shock             |       |       |   125 |   192 |   220 |     1 |       |       |       ||   538
         Blink             |       |       |     1 |       |     1 |       |       |       |       ||     2
         Freezing Cloud    |       |       |       |    64 |   198 |   155 |    36 |     9 |       ||   462
         Sticky Flame      |       |       |       |     6 |    58 |     1 |       |       |       ||    65
         Orb of Destructio |       |       |       |       |    65 |   224 |   107 |   119 |    65 ||   580
         Starburst         |       |       |       |       |    12 |    91 |    81 |    57 |    29 ||   270
         Irradiate         |       |       |       |       |       |    22 |    18 |    24 |    16 ||    80
         Fireball          |       |       |       |       |       |    71 |   276 |   221 |    92 ||   660
         Ignition          |       |       |       |       |       |       |    33 |    58 |    40 ||   131
         Fire Storm        |       |       |       |       |       |       |       |    22 |   315 ||   337
         Leda's Unmaking   |       |       |       |       |       |       |       |       |    66 ||    66
         Lehudib's Crystal |       |       |       |       |       |       |       |       |    60 ||    60
         Apportation       |       |       |       |       |       |       |       |       |     2 ||     2
  Evoke: Wand              |       |     4 |     5 |     8 |     8 |     8 |     5 |     7 |    11 ||    56
         Phial of floods   |       |       |       |     1 |     1 |     2 |     2 |     1 |     1 ||     8
         Lightning rod     |       |       |       |       |       |     9 |     4 |     9 |     4 ||    26
         Tin of tremorston |       |       |       |       |       |     2 |     4 |     4 |     2 ||    12
         Phantom mirror    |       |       |       |       |       |     1 |       |       |       ||     1
    Use: Potion            |       |     1 |     3 |     2 |     6 |     3 |     5 |     3 |    30 ||    53
         Scroll            |       |     5 |     5 |    11 |     9 |     6 |     3 |     4 |    12 ||    55
   Stab: Confused          |       |       |     2 |       |       |       |       |       |       ||     2
         Distracted        |       |       |       |     1 |       |       |       |       |     2 ||     3
 Armour: Ring mail         |     8 |    38 |    64 |    83 |       |    91 |    46 |    82 |    76 ||   488
         Skin              |       |       |    11 |       |       |       |       |       |    15 ||    26
         Robe              |       |       |       |       |    61 |       |       |       |       ||    61
  Dodge: Dodged            |     5 |    43 |    97 |   209 |   245 |   153 |   101 |   193 |   190 ||  1236
  Block: Other             |       |       |       |       |     6 |       |       |       |       ||     6
         Orb               |       |       |       |       |    10 |       |       |       |       ||    10
         Buckler           |       |       |       |       |    89 |    91 |    69 |    97 |    97 ||   443
         Reflection        |       |       |       |       |     4 |       |       |       |       ||     4

Table legend: (Time is in decaauts)
 A = Elapsed time spent in this place.
 B = Non-inter-level travel time spent in this place.
 C = Inter-level travel time spent in this place.
 D = Time resting spent in this place.
 E = Time spent auto-exploring this place.
 F = Levels seen in this place.
 G = Mean time per level.
                   A        B        C        D        E       F      G
               +--------+--------+--------+--------+--------+-----+--------+
         Total |  71063 |  63207 |   7856 |  15008 |  23418 |  59 | 1204.5 |
       Dungeon |  20726 |  17509 |   3217 |   4648 |   4757 |  15 | 1381.7 |
        Temple |      1 |      1 |      0 |      0 |      0 |   1 |    1.0 |
          Lair |   7806 |   7136 |    670 |   2092 |   2613 |   5 | 1561.2 |
        Shoals |   4577 |   4323 |    254 |    815 |   1807 |   4 | 1144.2 |
     Snake Pit |   4915 |   4493 |    422 |   1085 |   1769 |   4 | 1228.8 |
    Slime Pits |   1446 |   1272 |    174 |    192 |    724 |   5 |  289.2 |
  Orcish Mines |   4020 |   3346 |    674 |    870 |    860 |   2 | 2010.0 |
   Elven Halls |   3825 |   3493 |    332 |    788 |   1459 |   3 | 1275.0 |
        Vaults |   6979 |   6541 |    438 |   1123 |   3075 |   5 | 1395.8 |
         Crypt |   3536 |   3348 |    188 |    515 |   1980 |   3 | 1178.7 |
        Depths |   4905 |   4332 |    573 |    896 |   2017 |   4 | 1226.2 |
           Zot |   6391 |   5483 |    908 |   1372 |   2243 |   5 | 1278.2 |
        Bazaar |    142 |    142 |      0 |      0 |      0 |   1 |  142.0 |
        Bailey |    894 |    894 |      0 |    228 |    109 |   1 |  894.0 |
      Ice Cave |    893 |    893 |      0 |    381 |      0 |   1 |  893.0 |
               +--------+--------+--------+--------+--------+-----+--------+

Top non-repeatable levels by time:
   Orc:2: 2801 daAuts
  Lair:5: 2181 daAuts
    D:10: 1869 daAuts
   Elf:3: 1788 daAuts
Vaults:5: 1693 daAuts
     D:2: 1676 daAuts
 Snake:4: 1659 daAuts
     D:7: 1587 daAuts
    D:11: 1580 daAuts
     D:6: 1543 daAuts
   Zot:4: 1536 daAuts
  Lair:1: 1535 daAuts
  Lair:2: 1498 daAuts
Depths:1: 1487 daAuts
  Lair:3: 1479 daAuts
